 Dungeon Crawl Stone Soup version 0.18.1-48-g4cf74bf (webtiles) character file.

219 Jerry the Covered (level 6, 0/47 HPs)
             Began as a Human Fighter on Aug 7, 2016.
             Was an Initiate of Ashenzari.
             Slain by Pikel
             ... wielding a +1 whip of freezing
              (1 damage)
             ... on level 4 of the Dungeon.
             The game lasted 00:15:48 (3733 turns).

Jerry the Covered (Human Fighter)                   Turns: 3733, Time: 00:15:48

Health: 0/47       AC:  8    Str: 13 (16) XL:     6   Next: 18%
Magic:  6/6        EV: 11    Int:  6 (9)  God:    Ashenzari [......]
Gold:   121        SH:  9    Dex: 17 (19) Spells: 0 memorised, 5 levels left

rFire  . . .     SeeInvis .     h - +0 whip
rCold  . . .     Gourm    +     b - +0 scale mail
rNeg   + . .     Faith    .     c - +0 shield
rPois  .         Spirit   .     (no helmet)
rElec  .         Dismiss  .     (no cloak)
rCorr  .         Reflect  .     (no gloves)
SustAt .         Harm     .     l - +0 pair of boots
MR     .....                    n - amulet of the gourmand
Stlth  +.........               (no ring)
                                o - ring of positive energy

@: agile, very slightly contaminated, drained, not resistant to hostile
enchantments, very unstealthy
A: no striking features
a: Curse Item, Renounce Religion


You were on level 4 of the Dungeon.
You worshipped Ashenzari.
Ashenzari was noncommittal.
You were very full.

You visited 2 branches of the dungeon, and saw 5 of its levels.

You collected 121 gold pieces.

Inventory:

Hand Weapons
 a - a +0 flail
 h - a +0 whip (weapon)
Missiles
 j - 77 stones (quivered)
Armour
 b - a +0 scale mail (worn)
 c - a +0 shield (worn)
 d - a +0 leather armour of cold resistance
 l - a +0 pair of boots (worn)
 s - a +0 helmet
Jewellery
 n - an amulet of the gourmand (around neck)
 o - a ring of positive energy (left hand)
Wands
 u - a wand of disintegration (10/24)
Scrolls
 e - 2 scrolls of magic mapping {unknown}
 g - a scroll of enchant armour {unknown}
 k - a scroll of identify {unknown}
 m - 2 scrolls of noise {unknown}
 p - a scroll of fear {unknown}
 q - a scroll of immolation {unknown}
Potions
 i - a potion of curing
Comestibles
 f - a bread ration


   Skills:
 - Level 3.0(2.5) Fighting
 + Level 3.9(3.4) Maces & Flails
 + Level 4.6(4.1) Armour
 - Level 4.0(3.4) Shields


You had 5 spell levels left.
You didn't know any spells.

Dungeon Overview and Level Annotations

Branches:
Dungeon (4/15)             Temple (1/1) D:4

Altars:
Ashenzari
Cheibriados
Gozag
Makhleb
Nemelex Xobeh
Okawaru
Pakellas
Qazlal
Trog
Vehumet
Yredelemnul
The Shining One

Annotations:
D:4 Pikel


Message History

Pikel says, "You strike me more as a bedroom slave."
Pikel hits you but does no damage.
You closely miss Pikel.
Pikel is severely wounded.
You block the slave's attack. Pikel closely misses you. The slave hits you.
* * * LOW HITPOINT WARNING * * *
You hit Pikel but do no damage.
Pikel is severely wounded.
You block Pikel's attack. You block the slave's attack.
All of the chunks of flesh in your inventory have rotted away.
You hit Pikel but do no damage.
Pikel is severely wounded.
You block Pikel's attack. The slave barely misses you.
You hit Pikel.
Pikel is severely wounded.
Pikel hits you but does no damage. The slave closely misses you.
You hit Pikel but do no damage.
Pikel is severely wounded.
Pikel hits you with a whip of freezing.
You die...

#.#.#..# .......#
.......##.#.>...##
#.#.#.....###....### #
##......##...##....##.#####
##.#..#..###..#....K......
##....#..#...#..#p###.#####
#.###.#.#.###.#p#p# .. ..#
##.#.#[.[#.#K## ... ..#
#.#.#.>.#.#@# ### ..#
#.#.#.[.#.#p## ..#
.#.#.###.#.#.# ..# .
(.#...#..#.# ..#
#..#..###..#..# #.# #...#
...##...# ..
......###....## ## ######


You could see Pikel and 4 slaves.

Vanquished Creatures
  An orc wizard (D:4)
  Robin (D:4)
  5 adders
  3 oozes
  2 worms (D:2)
  3 dart slugs
  3 giant geckos (D:2)
  9 orcs
  8 bats
  3 giant cockroaches (D:2)
  15 goblins
  11 hobgoblins
  6 jackals
  A ball python (D:1)
  4 giant newts
  12 kobolds
  7 rats
94 creatures vanquished.

Notes
Turn   | Place    | Note
--------------------------------------------------------------
     0 | D:1      | Jerry the Human Fighter began the quest for the Orb.
     0 | D:1      | Reached XP level 1. HP: 18/18 MP: 1/1
   114 | D:1      | Reached XP level 2. HP: 20/24 MP: 2/2
   404 | D:1      | Reached XP level 3. HP: 23/29 MP: 3/3
   798 | D:2      | Reached XP level 4. HP: 8/35 MP: 4/4
  2091 | D:2      | Reached XP level 5. HP: 29/41 MP: 5/5
  2295 | D:3      | Found a basalt altar of Yredelemnul.
  3114 | D:4      | Noticed Robin
  3141 | D:4      | Killed Robin
  3291 | D:4      | Found a staircase to the Ecumenical Temple.
  3303 | Temple   | Entered the Ecumenical Temple
  3444 | Temple   | Became a worshipper of Ashenzari the Shackled
  3475 | D:4      | Reached XP level 6. HP: 28/47 MP: 6/6
  3659 | D:4      | Noticed a slave
  3665 | D:4      | Noticed Pikel
  3671 | D:4      | Noticed a slave
  3673 | D:4      | Noticed a slave
  3683 | D:4      | Noticed a slave
  3726 | D:4      | HP: 2/47 [slave[Pikel] (2)]
  3733 | D:4      | Slain by Pikel

Skill      XL: |  1  2  3  4  5 |
---------------+----------------+-----
Shields        | 4 |  4.0
Maces & Flails | 3 |  3.9
Armour         | 4 |  4.6
Fighting       | |  3.0

Action                   |  1- 3 |  4- 6 || total
-------------------------+-------+-------++-------
Melee: Flail             |    30 |       ||    30
       Whip              |   112 |   385 ||   497
Throw: Stone             |       |    21 ||    21
  Use: Potion            |     1 |     7 ||     8
 Stab: Invisible         |       |     8 ||     8
  Eat: Chunk             |       |    19 ||    19
Armor: Scale mail        |    53 |   154 ||   207
Dodge: Dodged            |    32 |   124 ||   156
Block: Shield            |    57 |   172 ||   229
